 Dungeon Sprint DCSS version 0.22-a0-422-g9628fc87f1 (webtiles) character file.

443 Denreik the Fighter (level 7, -1/72 HPs)
             Began as a Formicid Fighter on May 19, 2018.
             Slain by a slime creature (13 damage)
             ... in the Dungeon (Sprint I: "Red Sonja").
             The game lasted 00:05:33 (739 turns).

Denreik the Fighter (Formicid Fighter)               Turns: 739, Time: 00:05:34

Health: -1/72      AC:  6    Str: 22    XL:     7   Next: 23%
Magic:  7/7        EV:  9    Int:  8    God:
Gold:   351        SH: 11    Dex: 10    Spells: 6/6 levels left

rFire    . . .     SeeInvis +   a - +0 quarterstaff
rCold    . . .     Gourm    .   c - +0 shield
rNeg     . . .     Faith    .   b - +0 scale mail
rPois    .         Spirit   .   (helmet unavailable)
rElec    .         Reflect  .   (no cloak)
rCorr    .         Harm     .   (no gloves)
MR       .....                  (no boots)
Stlth    ..........             (no amulet)
HPRegen  0.22/turn              (no ring)
MPRegen  0.10/turn              (no ring)

@: no status effects
A: permanent stasis, dig shafts and tunnels, four strong arms, antennae 3
a: Dig


You were in the Dungeon.
You were not hungry.

You visited 1 branch You collected 351 gold pieces.

Inventory:

Hand Weapons
 a - a +0 quarterstaff (weapon)
 o - a +0 scythe
Missiles
 p - 23 sling bullets
Armour
 b - a +0 scale mail (worn)
 c - a +0 shield (worn)
 m - a +0 ring mail
Scrolls
 k - a scroll of blinking
 q - a scroll of amnesia {unknown}
Potions
 d - a potion of might
 e - a potion of curing
 g - a potion of heal wounds
 h - a potion of haste
 i - 2 potions of magic
 j - a potion of berserk rage
 l - a potion of mutation {unknown}
 n - a potion of lignification {unknown}
Comestibles
 f - a ration


   Skills:
 - Level 13.4 Fighting
 - Level 2.0 Staves
 - Level 3.2 Armour
 * Level 9.7 Shields


You had 6 spell levels left.
You didn't know any spells.
Your spell library was empty.

Dungeon Overview and Level Annotations

Branches:
Dungeon (1/1)

Altars:
Cheibriados
Dithmenos
Elyvilon
Fedhas
Gozag
Hepliaklqana
Kikubaaqudgha
Makhleb
Nemelex Xobeh
Okawaru
Qazlal
Ru
Sif Muna
Trog
Uskayaw
Vehumet
Wu Jian
Xom
Yredelemnul
Zin
The Shining One
Jiyva
Lugonu

Shops:
D :


Innate Abilities, Weirdness & Mutations

You cannot be hasted, slowed, berserked, paralysed or teleported.
You can dig through walls and to a lower floor.
Your four strong arms can wield two-handed weapons with a shield.
You have a pair of large antennae on your head. (SInv)


Message History

You barely miss the slime creature.
The slime creature is heavily wounded.
The slime creature barely misses you.
You barely miss the slime creature.
The slime creature is heavily wounded.
The slime creature hits you. The slime creature hits you!
You hit the slime creature but do no damage.
The slime creature is heavily wounded.
You block the slime creature's attack.
You hit the slime creature but do no damage.
The slime creature is heavily wounded.
The slime creature hits you.
You sock the slime creature!
The slime creature is severely wounded.
The slime creature hits you!
* * * LOW HITPOINT WARNING * * *
You hit the slime creature.
The slime creature is severely wounded.
The slime creature hits you!
You die...

###################
#<.#..)..#..'..#__#
#..').#..'[.#.@J..+
#..#####'#####+#__#
#..####..#...#.# ##
#..#__####..##.# {
#..#_____##'#_.+
#⌠⌠#_.∩...'..._# {
##.#_..__##_.#'#
#..#_____###+#.#
########## ###


You could see a slime creature.

Vanquished Creatures
  Sigmund (D)
  A yak (D)
  An ogre (D)
  A jelly (D)
  Ijyb (D)
5 creatures vanquished.

Vanquished Creatures (others)
  A gargoyle (D)
1 creature vanquished.

Grand Total: 6 creatures vanquished

Notes
Turn   | Place    | Note
-------+----------+-------------------------------------------
     0 | D        | Denreik the Formicid Fighter began the quest for the Orb.
     0 | D        | Reached XP level 1. HP: 18/18 MP: 1/1
     1 | D        | Noticed Ijyb
    20 | D        | Killed Ijyb
    20 | D        | Reached skill level 7 in Fighting
    20 | D        | Reached XP level 2. HP: 23/31 MP: 2/2
    20 | D        | Reached XP level 3. HP: 27/36 MP: 3/3
   114 | D        | Noticed an ogre
   123 | D        | Killed an ogre
   123 | D        | Reached skill level 10 in Fighting
   123 | D        | Reached XP level 4. HP: 26/48 MP: 4/4
   123 | D        | Reached XP level 5. HP: 29/54 MP: 5/5
   130 | D        | Killed a gargoyle
   271 | D        | Noticed Sigmund
   283 | D        | Killed Sigmund
   283 | D        | Reached skill level 13 in Fighting
   283 | D        | Reached XP level 6. HP: 49/66 MP: 6/6
   372 | D        | Found a deep blue altar of Sif Muna.
   373 | D        | Found an ornate altar of the Wu Jian Council.
   374 | D        | Found a radiant altar of Vehumet.
   380 | D        | Reached skill level 5 in Shields
   458 | D        | Found Taly's Book Emporium.
   458 | D        | Found an ancient bone altar of Kikubaaqudgha.
   458 | D        | Found a hazy altar of Hepliaklqana.
   458 | D        | Found a stormy altar of Qazlal.
   458 | D        | Found a hide-covered altar of Uskayaw.
   458 | D        | Found a blossoming altar of Fedhas.
   458 | D        | Found a bloodstained altar of Trog.
   458 | D        | Found an iron altar of Okawaru.
   458 | D        | Found a basalt altar of Yredelemnul.
   458 | D        | Found a glowing golden altar of the Shining One.
   458 | D        | Found a snail-covered altar of Cheibriados.
   458 | D        | Found a sacrificial altar of Ru.
   458 | D        | Found a glowing silver altar of Zin.
   458 | D        | Found a shadowy altar of Dithmenos.
   458 | D        | Found a white marble altar of Elyvilon.
   458 | D        | Noticed a yak
   472 | D        | Killed a yak
   472 | D        | Reached XP level 7. HP: 28/72 MP: 7/7
   473 | D        | Found an opulent altar of Gozag.
   669 | D        | Found a sparkling altar of Nemelex Xobeh.
   718 | D        | Found a viscous altar of Jiyva.
   718 | D        | Found a corrupted altar of Lugonu.
   718 | D        | Noticed a slime creature
   722 | D        | Found a burning altar of Makhleb.
   722 | D        | Found a shimmering altar of Xom.
   739 | D        | Slain by a slime creature

Vault maps used:
D:        dungeon_sprint_1

Skill      XL: |  1  2  3  4  5  6 |
---------------+-------------------+-----
Fighting       | 7 10 13 | 13.4
Shields        | 9 |  9.7
Staves         | |  2.0
Armour         | |  3.2

Action                   |  1- 3 |  4- 6 |  7- 9 || total
-------------------------+-------+-------+-------++-------
Melee: Quarterstaff      |    25 |    30 |    17 ||    72
 Abil: Dig               |     1 |       |       ||     1
Armor: Scale mail        |     6 |     4 |     2 ||    12
Dodge: Dodged            |     7 |     5 |     4 ||    16
Block: Shield            |     7 |    13 |     6 ||    26

Table legend:
 A = Spawn XP
 B = Non-spawn XP
 C = Spawn XP percentage of total XP
 D = Spawn monster count
 E = Non-spawn monster count
 F = Spawn count percentage of total count
 G = Total turns spent on level
                    A         B        C        D         E        F      G
               +---------+---------+-------+---------+---------+-------+---------
         Total |       0 |     634 |   0.0 |       0 |       5 |   0.0 |   739
               +---------+---------+-------+---------+---------+-------+---------
             D |       0 |     634 |   0.0 |       0 |       5 |   0.0 |   739
               +---------+---------+-------+---------+---------+-------+---------
